 Dungeon Crawl Stone Soup version 0.28-a0-1190-g77e1c55843 (webtiles) character file.

Game seed: 1776196826876704555

77757 RepHenryClay the Slinger (level 15, 0/120 HPs)
             Began as a Gnoll Monk on Dec 17, 2021.
             Was the Champion of Okawaru.
             Slain by a two-headed ogre (19 damage)
             ... on level 15 of the Dungeon on Dec 18, 2021.
             The game lasted 00:44:52 (21517 turns).

RepHenryClay the Slinger (Gnoll Monk)              Turns: 21517, Time: 00:44:52

Health: 0/120      AC: 18    Str: 23    XL:     15   Next: 57%
Magic:  29/29      EV: 17    Int: 10    God:    Okawaru [******]
Gold:   2741       SH:  8    Dex: 18    Spells: 31/34 levels left

rFire   + + .      SeeInvis .   a - +10 long sword of the Crypt {speed, rCorr}
rCold   + . .      Faith    .   g - +1 buckler {rC+}
rNeg    . . .      Spirit   .   h - +0 fire dragon scales
rPois   .          Reflect  .   l - +2 hat
rElec   .          Harm     .   (no cloak)
rCorr   +          Rampage  ∞   (no gloves)
Will    +....                   M - +3 pair of seven-league boots {Rampage+∞}
Stlth   +++.......              e - amulet of regeneration
HPRegen 1.10/turn               J - ring "Kuseoqod" {rC+ rCorr Str+3}
MPRegen 0.21/turn               D - +6 ring of strength

@: studying Slings
A: fangs 1, strong nose, distributed training
a: Renounce Religion, Heroism, Finesse, Duel


You were on level 15 of the Dungeon.
You worshipped Okawaru.
Okawaru was exalted by your worship.
You visited 4 branches of the dungeon, and saw 23 of its levels.
You visited the Abyss 1 time.
You also visited: Ice Cave.

You collected 2741 gold pieces.

Inventory:

Hand Weapons
 a - the +10 long sword of the Crypt (weapon) {speed, rCorr}
   (You found it on level 5 of the Dungeon)

   Attacks with this weapon are significantly faster.
   rCorr:     It protects you from acid and corrosion.
 b - a +2 scimitar of flaming
 v - a +2 dagger of electrocution
 A - a +0 spear of venom
 X - the +1 quick blade "Kihuesta" {vamp, rElec rC+}
   (Okawaru gifted it to you on level 12 of the Dungeon)

   It occasionally heals its wielder for a portion of the damage dealt when it
   wounds a living foe.
   rC:        It protects you from cold.
   rElec:     It insulates you from electricity.
Missiles
 c - 4 curare-tipped darts
 r - 73 poisoned darts
 O - 26 javelins (quivered)
Armour
 f - +0 swamp dragon scales
 g - a +1 buckler of cold resistance (worn)
 h - +0 fire dragon scales (worn)
 l - a +2 hat (worn)
 I - a +0 helmet of intelligence
 M - the +3 pair of seven-league boots (worn) {Rampage+∞}
   (Okawaru gifted it to you on level 10 of the Dungeon)

   Its wearer moves as far as possible in that direction when moving towards
   enemies.
 Y - a +2 scale mail of willpower
Jewellery
 d - a ring of positive energy
 e - an amulet of regeneration (around neck)
 p - a +4 ring of protection
 s - a +6 ring of intelligence
 x - a ring of see invisible
 D - a +6 ring of strength (right hand)
 G - a ring of wizardry
 J - the ring "Kuseoqod" (left hand) {rC+ rCorr Str+3}
   (You found it in an ice cave)

   [ring of protection from cold]

   Str:       It affects your strength (+3).
   rC:        It protects you from cold.
   rCorr:     It protects you from acid and corrosion.
 N - a ring of resist corrosion
 R - an amulet of the acrobat
 S - a ring of protection from fire
Wands
 m - a wand of paralysis (14)
 u - a wand of digging (11)
 E - a wand of acid (16)
 K - a wand of mindburst (32)
 Q - a wand of iceblast (12)
Scrolls
 i - 3 scrolls of teleportation
 j - 4 scrolls of fog
 n - 2 scrolls of magic mapping
 w - a scroll of noise {unknown}
 y - 2 scrolls of enchant armour
 z - a scroll of immolation {unknown}
 C - a scroll of torment {unknown}
 L - 2 scrolls of brand weapon
 P - 2 scrolls of silence {unknown}
 T - a scroll of enchant weapon {unknown}
 Z - a scroll of blinking
Potions
 k - a potion of ambrosia
 o - a potion of flight
 q - a potion of magic {unknown}
 t - 4 potions of curing
 B - 2 potions of haste
 F - a potion of resistance
 H - 4 potions of brilliance
 U - 2 potions of heal wounds
 V - 2 potions of might
 W - 4 potions of mutation


   Skills:
 + Level 12.1 Fighting
 + Level 10.2 Short Blades
 + Level 10.2 Long Blades
 + Level 10.2 Axes
 + Level 12.1 Maces & Flails
 + Level 10.2 Polearms
 + Level 10.2 Staves
 + Level 12.6 Slings
 + Level 10.2 Bows
 + Level 10.2 Crossbows
 + Level 10.2 Throwing
 + Level 10.2 Armour
 + Level 12.1 Dodging
 + Level 11.0 Stealth
 + Level 10.2 Shields
 + Level 10.2 Unarmed Combat
 + Level 10.2 Spellcasting
 + Level 8.5 Conjurations
 + Level 8.5 Hexes
 + Level 8.5 Summonings
 + Level 8.5 Necromancy
 + Level 8.5 Translocations
 + Level 8.5 Transmutations
 + Level 8.5 Fire Magic
 + Level 8.5 Ice Magic
 + Level 8.5 Air Magic
 + Level 8.5 Earth Magic
 + Level 8.5 Poison Magic
 + Level 11.1 Invocations
 + Level 10.2 Evocations


You had 31 spell levels left.
You knew the following spells:

 Your Spells              Type           Power      Damage    Failure   Level
a - Swiftness             Air            22%        N/A       3%          3

Your spell library contained the following spells:

 Spells                   Type           Power      Damage    Failure   Level
 Shock                    Conj/Air       88%        1d8       1%          1
 Slow                     Hex            88%        N/A       1%          1
 Corpse Rot               Necr/Air       44%        N/A       1%          2
 Scorch                   Fire           44%        2d7       1%          2
 Sublimation of Blood     Necr           22%        N/A       1%          2
 Wereblood                Tmut           22%        N/A       1%          2
 Confusing Touch          Hex            22%        N/A       3%          3
 Gell's Gravitas          Tloc           22%        N/A       3%          3
 Portal Projectile        Hex/Tloc       44%        N/A       3%          3
 Teleport Other           Tloc           22%        N/A       3%          3
 Airstrike                Air            11%        N/A       10%         4
 Dispel Undead            Necr           22%        3d12      10%         4
 Flame Wave               Conj/Fire      22%        2d6       10%         4
 Leda's Liquefaction      Hex/Erth       11%        N/A       10%         4
 Lee's Rapid Deconstruct  Erth           11%        3d9*      28%         5
 Yara's Violent Unravell  Hex/Tmut       11%        3d6       28%         5
 Conjure Ball Lightning   Conj/Air       11%        3x3d6     83%         6
 Dispersal                Tloc           11%        N/A       83%         6
 Statue Form              Tmut/Erth      14%        N/A       83%         6
 Discord                  Hex            11%        N/A       100%        8
 Disjunction              Tloc           11%        N/A       100%        8
 Call Canine Familiar     Summ           Unusable   N/A       N/A         3
 Death Channel            Necr           Unusable   N/A       N/A         6
 Summon Cactus Giant      Summ           Unusable   N/A       N/A         6
 Summon Hydra             Summ           Unusable   N/A       N/A         7

Dungeon Overview and Level Annotations

Branches:
Dungeon (14/15)            Temple (1/1) D:6            Lair (6/6) D:9
  Swamp (0/4) Lair:2       Spider (0/4) Lair:3        Slime (0/5) Lair:5
    Orc (1/2) D:12         Vaults (0/5) D:13          IceCv (visited)

Altars:
Ashenzari
Cheibriados
Dithmenos
Elyvilon
Fedhas
Gozag
Hepliaklqana
Kikubaaqudgha
Makhleb
Nemelex Xobeh
Okawaru
Qazlal
Ru
Sif Muna
Trog
Vehumet
Wu Jian
Xom
Yredelemnul
Zin
The Shining One
Beogh
Jiyva

Shops:
D:4 *

Annotations:
Lair:3 3 runed translucent doors, axecop's ghost, journeyman DsAK
Orc:1 unfinished


Innate Abilities, Weirdness & Mutations

You have very sharp teeth.
Your uncanny sense of smell can sniff out nearby items.
Your experience applies equally to all skills.


Message History

The ogre shouts!
The two-headed ogre hits you with a +0 giant club.
The two-headed ogre hits you but does no damage.
Something hits you!
The two-headed ogre hits you but does no damage. x2
You hear some strange, mumbled words.
The two-headed ogre seems to speed up.
The two-headed ogre hits you with a +0 giant club!
The two-headed ogre hits you but does no damage. x2
The two-headed ogre hits you with a +0 giant club.
The two-headed ogre hits you but does no damage.
The two-headed ogre hits you with a +0 giant club! x3
Something hits you but does no damage.
The two-headed ogre hits you but does no damage.
The two-headed ogre hits you with a +0 giant club.
The two-headed ogre hits you but does no damage.
The two-headed ogre hits you with a +0 giant club!!
* * * LOW HITPOINT WARNING * * *
The two-headed ogre hits you but does no damage.
The two-headed ogre hits you with a +0 giant club!
* * * LOW HITPOINT WARNING * * *
The two-headed ogre hits you with a +0 giant club!
* * * LOW HITPOINT WARNING * * *
The two-headed ogre hits you with a +0 giant club.
* * * LOW HITPOINT WARNING * * *
Something hits you.
* * * LOW HITPOINT WARNING * * *
You turn to flesh and can move again.
Huge Dmg: -80%(-97hp) hp: 20%(23hp)
The two-headed ogre hits you with a +1 vorpal dire flail.
* * * LOW HITPOINT WARNING * * *
x2 The two-headed ogre hits you but does no damage.
Damage: -2%(-2hp) hp: 18%(21hp)
You block the two-headed ogre's attack.
The two-headed ogre hits you with a +0 giant club.
* * * LOW HITPOINT WARNING * * *
Damage: -3%(-3hp) hp: 15%(18hp) Unknown command.
The two-headed ogre hits you with a +0 giant club!!
You die...

#.##.......# #.##.......#
##'##.......# #...........#
#. #######.......)...# . #.
..................# .. #.
######............#
...###.####### #[#'##.......#
.......{OOO@.# #)#.##########
........OO##.# #.#.######
#........O##.# #.#..[...#####
#.........##)# #.#...........
..?....[..##.# #.#...........
.....≈....##.###.#.###.......
.....≈....##..)....# #....≈..
≈.........######.### #.......
........).# #.# #.......


You could see 4 two-headed ogres and an ogre.

Vanquished Creatures
  Gastronok (D:8)
  A reaper (IceCv)
  Nessos (D:14)
  A minotaur (Lair:1)
  A fire dragon (Lair:6)
  3 hydras
  A catoblepas (Lair:5)
  A boulder beetle (D:11)
  4 centaur warriors
  4 two-headed ogres
  4 tengu warriors
  6 death yaks
  Urug (D:10)
  2 orc knights
  A wizard (D:13)
  A lindwurm (Lair:6)
  Pikel (D:6)
  A large abomination (Abyss:2)
  8 ugly things
  6 cyclopes
  A manticore (D:13)
  15 elephants
  2 ice statues (IceCv)
  An apocalypse crab (Abyss:2)
  6 black mambas (Lair:6)
  Maggie (D:8)
  A torpor snail (Lair:6)
  A gargoyle (D:12)
  14 cane toads
  2 molten gargoyles (Lair:6)
  An unseen horror (D:11)
  Psyche (D:8)
  6 rime drakes
  An anaconda simulacrum (IceCv)
  5 ice devils (IceCv)
  11 komodo dragons
  2 efreet
  4 entropy weaver simulacra (IceCv)
  7 trolls
  A silent spectre (Abyss:2)
  A wind drake (shapeshifter) (D:13)
  5 polar bears
  Grinder (D:3)
  2 hornets
  15 blink frogs
  A meliai zombie (D:11)
  2 redbacks (Lair:3)
  A dire elephant simulacrum (IceCv)
  3 shadows
  A water elemental (D:13)
  3 vampires
  Eustachio (D:6)
  5 basilisks
  8 wyverns
  56 yaks
  8 vampire mosquitoes
  7 steam dragons
  A warg (Orc:1)
  4 harpy simulacra (IceCv)
  3 hell hounds (Lair:6)
  2 acid dragons (D:11)
  17 water moccasins
  A sky beast (D:7)
  A black bear (D:9)
  An ice beast (D:6)
  A hornet zombie (D:9)
  9 orc warriors
  12 wolves
  4 ogres
  10 centaurs
  3 phantoms
  2 lemures (D:6)
  8 kobold brigands
  11 bullfrogs
  A cane toad simulacrum (IceCv)
  3 gnoll sergeants
  3 scorpions (D:9)
  A water moccasin zombie (D:5)
  4 wights (D:9)
  3 howler monkeys (D:10)
  A crimson imp (D:7)
  5 centaur zombies
  5 lava snakes (Lair:6)
  4 jellies
  A bullfrog skeleton (D:4)
  A hound (D:4)
  3 orc priests
  2 centaur skeletons
  2 iguanas
  12 orc wizards
  A polar bear simulacrum (IceCv)
  A spriggan simulacrum (IceCv)
  4 hell rats (Lair:5)
  A hound zombie (D:5)
  A howler monkey zombie (D:10)
  16 gnolls
  16 adders
  2 naga simulacra (IceCv)
  An ufetubus (D:7)
  An adder skeleton (D:4)
  2 worms
  A dart slug (D:2)
  24 orcs
  8 ball pythons
  8 endoplasms
  3 giant cockroaches
  8 goblins
  10 hobgoblins
  6 jackals
  26 kobolds
  3 quokkas
  7 bats
  2 frilled lizards
  2 rats
547 creatures vanquished.

Vanquished Creatures (others)
  A molten gargoyle (Lair:6)
  A small abomination (Abyss:2)
  A hell rat (Lair:5)
  32 fungi
  55 plants
90 creatures vanquished.

Grand Total: 637 creatures vanquished

Notes
Turn   | Place    | Note
-------+----------+-------------------------------------------
     0 | D:1      | RepHenryClay the Gnoll Monk began the quest for the Orb.
     0 | D:1      | Reached XP level 1. HP: 23/23 MP: 1/1
   203 | D:1      | Reached XP level 2. HP: 15/29 MP: 2/2
   873 | D:1      | Reached XP level 3. HP: 35/35 MP: 3/3
   965 | D:1      | Found a faded altar of an unknown god.
  1227 | D:2      | Reached skill level 1 in Invocations
  1506 | D:2      | Reached skill level 1 in Short Blades
  1506 | D:2      | Reached skill level 1 in Long Blades
  1506 | D:2      | Reached skill level 1 in Axes
  1506 | D:2      | Reached skill level 1 in Polearms
  1506 | D:2      | Reached skill level 1 in Staves
  1506 | D:2      | Reached skill level 1 in Slings
  1506 | D:2      | Reached skill level 1 in Bows
  1506 | D:2      | Reached skill level 1 in Crossbows
  1506 | D:2      | Reached skill level 1 in Throwing
  1506 | D:2      | Reached skill level 1 in Armour
  1506 | D:2      | Reached skill level 1 in Shields
  1506 | D:2      | Reached skill level 1 in Unarmed Combat
  1506 | D:2      | Reached skill level 1 in Spellcasting
  1506 | D:2      | Reached skill level 1 in Evocations
  1510 | D:2      | Reached XP level 4. HP: 40/41 MP: 5/5
  1714 | D:3      | Noticed Grinder
  1819 | D:3      | Noticed a phantom
  1836 | D:3      | Reached skill level 1 in Conjurations
  1836 | D:3      | Reached skill level 1 in Hexes
  1836 | D:3      | Reached skill level 1 in Summonings
  1836 | D:3      | Reached skill level 1 in Necromancy
  1836 | D:3      | Reached skill level 1 in Translocations
  1836 | D:3      | Reached skill level 1 in Transmutations
  1836 | D:3      | Reached skill level 1 in Fire Magic
  1836 | D:3      | Reached skill level 1 in Ice Magic
  1836 | D:3      | Reached skill level 1 in Air Magic
  1836 | D:3      | Reached skill level 1 in Earth Magic
  1836 | D:3      | Reached skill level 1 in Poison Magic
  1845 | D:3      | Killed a phantom
  1846 | D:3      | Reached XP level 5. HP: 44/47 MP: 5/7
  1935 | D:3      | Noticed an ogre
  1962 | D:3      | Killed an ogre
  1963 | D:3      | Reached XP level 6. HP: 43/53 MP: 8/8
  2275 | D:3      | Paralysed by Grinder for 3 turns
  2390 | D:4      | Found a shimmering blue altar of Sif Muna.
  2536 | D:4      | Noticed a two-headed ogre
  2612 | D:4      | Killed a two-headed ogre
  2613 | D:4      | Reached skill level 5 in Stealth
  2613 | D:4      | Reached XP level 7. HP: 22/60 MP: 9/11
  2613 | D:4      | Reached XP level 8. HP: 25/67 MP: 9/12
  2852 | D:4      | Found Orchotay's Fire Supplies.
  2874 | D:4      | Identified the +1 ring mail of Qeptymor {*Corrode rF++
                  | Str+6}
  3257 | D:5      | Entered Level 5 of the Dungeon
  3856 | D:5      | Identified the +10 long sword of the Crypt {speed, rCorr}
  4396 | D:6      | Identified the +5 flail of Xinagi {holy, Will- Str+9 Dex+7}
  4755 | D:6      | Noticed Pikel
  4778 | D:6      | Killed Pikel
  4779 | D:6      | Reached XP level 9. HP: 72/74 MP: 13/15
  4798 | D:6      | Noticed Eustachio
  4819 | D:6      | Killed Eustachio
  4843 | D:6      | Found a staircase to the Ecumenical Temple.
  4864 | Temple   | Entered the Ecumenical Temple
  4917 | Temple   | Became a worshipper of Warmaster Okawaru
  4917 | Temple   | Reached * piety under Okawaru
  4917 | Temple   | Reached ** piety under Okawaru
  5396 | D:7      | Learned a level 3 spell: Swiftness
  5443 | D:7      | Found a burning altar of Makhleb.
  5444 | D:7      | Found a shimmering altar of Xom.
  5496 | D:7      | Reached skill level 5 in Invocations
  5805 | D:8      | Noticed Psyche
  5814 | D:8      | Killed Psyche
  5819 | D:8      | Reached *** piety under Okawaru
  5830 | D:8      | Reached XP level 10. HP: 71/80 MP: 17/17
  5839 | D:8      | Reached skill level 5 in Short Blades
  5839 | D:8      | Reached skill level 5 in Long Blades
  5839 | D:8      | Reached skill level 5 in Axes
  5839 | D:8      | Reached skill level 5 in Polearms
  5839 | D:8      | Reached skill level 5 in Staves
  5839 | D:8      | Reached skill level 5 in Slings
  5839 | D:8      | Reached skill level 5 in Bows
  5839 | D:8      | Reached skill level 5 in Crossbows
  5839 | D:8      | Reached skill level 5 in Throwing
  5839 | D:8      | Reached skill level 5 in Armour
  5839 | D:8      | Reached skill level 5 in Shields
  5839 | D:8      | Reached skill level 5 in Unarmed Combat
  5839 | D:8      | Reached skill level 5 in Spellcasting
  5839 | D:8      | Reached skill level 5 in Evocations
  5954 | D:8      | Noticed Maggie
  5962 | D:8      | Killed Maggie
  6140 | D:8      | Reached **** piety under Okawaru
  6264 | D:8      | Noticed Gastronok
  6279 | D:8      | Killed Gastronok
  6968 | D:9      | Reached XP level 11. HP: 87/87 MP: 19/19
  7090 | D:9      | Found a bloodstained altar of Trog.
  7093 | D:9      | Found a glowing silver altar of Zin.
  7096 | D:9      | Found a snail-covered altar of Cheibriados.
  7099 | D:9      | Found a sparkling altar of Nemelex Xobeh.
  7188 | D:9      | Found an ancient bone altar of Kikubaaqudgha.
  7224 | D:9      | Found a staircase to the Lair.
  7262 | D:9      | Reached ***** piety under Okawaru
  7529 | D:9      | Received a gift from Okawaru
  7745 | D:10     | Entered Level 10 of the Dungeon
  7981 | D:10     | Reached skill level 5 in Conjurations
  7981 | D:10     | Reached skill level 5 in Hexes
  7981 | D:10     | Reached skill level 5 in Summonings
  7981 | D:10     | Reached skill level 5 in Necromancy
  7981 | D:10     | Reached skill level 5 in Translocations
  7981 | D:10     | Reached skill level 5 in Transmutations
  7981 | D:10     | Reached skill level 5 in Fire Magic
  7981 | D:10     | Reached skill level 5 in Ice Magic
  7981 | D:10     | Reached skill level 5 in Air Magic
  7981 | D:10     | Reached skill level 5 in Earth Magic
  7981 | D:10     | Reached skill level 5 in Poison Magic
  8147 | D:10     | Received a gift from Okawaru
  8147 | D:10     | Found the +3 pair of seven-league boots {Rampage+∞}
  8552 | D:10     | Noticed Urug
  8554 | D:10     | Noticed a centaur warrior
  8557 | D:10     | Noticed a two-headed ogre
  8715 | D:10     | Killed a centaur warrior
  8790 | D:10     | Killed Urug
  8909 | D:11     | Noticed a boulder beetle
  9001 | D:11     | Killed a boulder beetle
  9833 | D:12     | Reached XP level 12. HP: 87/96 MP: 22/22
 10290 | D:12     | Found a staircase to the Orcish Mines.
 10507 | D:12     | Identified the +1 quick blade "Kihuesta" {vamp, rElec rC+}
                  | (Okawaru gifted it to you on level 12 of the Dungeon)
 10507 | D:12     | Received a gift from Okawaru
 10652 | D:12     | Found a shadowy altar of Dithmenos.
 10839 | Orc:1    | Entered Level 1 of the Orcish Mines
 10841 | Orc:1    | Identified 2 scrolls of acquirement
 10841 | Orc:1    | Acquired a +0 helmet of intelligence
 10867 | Orc:1    | Acquired 784 gold pieces
 10971 | Orc:1    | Found a frozen archway.
 10988 | IceCv    | Entered an ice cave
 11154 | IceCv    | Reached skill level 10 in Fighting
 11154 | IceCv    | Reached skill level 10 in Maces & Flails
 11154 | IceCv    | Reached skill level 10 in Dodging
 11420 | IceCv    | Noticed a reaper
 11433 | IceCv    | Killed a reaper
 11436 | IceCv    | Identified the ring "Kuseoqod" {rC+ rCorr Str+3}
 11683 | Orc:1    | Received a gift from Okawaru
 11956 | Orc:1    | Noticed an orc warlord
 12145 | Lair:1   | Entered Level 1 of the Lair of Beasts
 12185 | Lair:1   | Reached XP level 13. HP: 94/103 MP: 24/24
 12558 | Lair:1   | Received a gift from Okawaru
 12658 | Lair:1   | Found a runed translucent door.
 13040 | Lair:1   | Noticed a minotaur
 13049 | Lair:1   | Killed a minotaur
 13218 | Lair:2   | Received a gift from Okawaru
 13530 | Lair:2   | Found a staircase to the Swamp.
 14275 | Lair:3   | Found a hole to the Spider Nest.
 14281 | Lair:3   | Found a runed translucent gate.
 14609 | Lair:3   | Found a runed translucent gate.
 14609 | Lair:3   | Found a runed translucent gate.
 14609 | Lair:3   | Noticed axecop's ghost (journeyman DsAK)
 14838 | Lair:3   | Found a viscous altar of Jiyva.
 15053 | Lair:4   | Reached skill level 10 in Slings
 15089 | Lair:4   | Received a gift from Okawaru
 15099 | Lair:4   | Received a gift from Okawaru
 15288 | Lair:4   | Received a gift from Okawaru
 15339 | Lair:4   | Reached XP level 14. HP: 102/113 MP: 26/26
 16231 | Lair:5   | Found a staircase to the Slime Pits.
 16424 | Lair:5   | Reached skill level 10 in Stealth
 16588 | Lair:5   | Reached skill level 10 in Invocations
 16805 | Lair:6   | Entered Level 6 of the Lair of Beasts
 16995 | Lair:6   | Reached ****** piety under Okawaru
 17187 | Lair:6   | Received a gift from Okawaru
 17945 | Lair:6   | Received a gift from Okawaru
 18093 | Lair:6   | Found a large runed translucent door.
 18093 | Lair:6   | Found a large runed translucent door.
 18566 | Lair:6   | Reached XP level 15. HP: 97/120 MP: 26/28
 18586 | Lair:6   | Identified the +6 mace of the Mushroom {protect, rElec rC+
                  | MP+9 SInv}
 18948 | D:3      | Paralysed by Grinder for 4 turns
 18959 | D:3      | Killed Grinder
 19497 | D:13     | Received a gift from Okawaru
 19908 | D:13     | Received a gift from Okawaru
 20146 | D:13     | Found a gate to the Vaults.
 20151 | D:13     | Cast into level 2 of the Abyss (a wizard)
 20165 | Abyss:2  | Found a corrupted altar of Lugonu.
 20280 | D:13     | Escaped the Abyss
 20484 | D:13     | Found a glowing golden altar of the Shining One.
 20487 | D:13     | Found a stormy altar of Qazlal.
 20487 | D:13     | Found a burning altar of Makhleb.
 20489 | D:13     | Found an opulent altar of Gozag.
 20489 | D:13     | Found an iron altar of Okawaru.
 20489 | D:13     | Found a shimmering altar of Xom.
 20493 | D:13     | Reached skill level 10 in Short Blades
 20493 | D:13     | Reached skill level 10 in Long Blades
 20493 | D:13     | Reached skill level 10 in Axes
 20493 | D:13     | Reached skill level 10 in Polearms
 20493 | D:13     | Reached skill level 10 in Staves
 20493 | D:13     | Reached skill level 10 in Bows
 20493 | D:13     | Reached skill level 10 in Crossbows
 20493 | D:13     | Reached skill level 10 in Throwing
 20493 | D:13     | Reached skill level 10 in Armour
 20493 | D:13     | Reached skill level 10 in Shields
 20493 | D:13     | Reached skill level 10 in Unarmed Combat
 20493 | D:13     | Reached skill level 10 in Spellcasting
 20493 | D:13     | Reached skill level 10 in Evocations
 20567 | D:13     | Received a gift from Okawaru
 20803 | D:14     | Noticed Nessos
 20823 | D:14     | Killed Nessos
 20907 | D:14     | Upgraded the game from 0.28-a0-1184-g53156a8862 to
                  | 0.28-a0-1190-g77e1c55843
 21298 | D:14     | You fall into a shaft and drop 1 floor!
 21298 | D:15     | Entered Level 15 of the Dungeon
 21334 | D:15     | Identified the +4 ring mail "Lomischo" {Rampage rN+ Str+3}
                  | (Okawaru gifted it to you on level 15 of the Dungeon)
 21334 | D:15     | Received a gift from Okawaru
 21517 | D:15     | Slain by a two-headed ogre

Illustrated notes

Levels and vault maps discovered:
D:1:      scummos_arrival_simple_crosswalls, layout_basic,
          hellmonk_ecumenical_altar_leap_of_faith
D:2:      layout_rooms
D:3:      layout_loops_ring, st_stairs_13, palyth_stone_intersect, uniq_grinder
D:4:      nicolae_cairo_tiling, layout_rooms,
          mainiacjoe_overflow_concentric_impassable, nicolae_shop_fire_sale
          [nicolae_sub_dead_trees], nrook_uturn, minmay_misc_feat_roman
D:5:      layout_basic
D:6:      layout_basic, minmay_temple_entry_trees, uniq_pikel, uniq_eustachio
D:7:      layout_basic, grunt_temple_overflow_champion_of_chaos
D:8:      layout_loops_corners, uniq_maggie, uniq_gastronok, uniq_psyche
D:9:      layout_stronghold, mainiacjoe_overflow_paths,
          grunt_temple_overflow_cloverleaf, grunt_lair_entry_orc_guard_hut,
          mrwooster_statue_mirror
D:10:     layout_basic, lightli_fourway_metalbox, uniq_urug
D:11:     layout_loops_ring, serial_rivers, chequers_serial_rivers_large_b,
          chequers_serial_rivers_micro_a, chequers_serial_rivers_marsh,
          chequers_serial_rivers_micro_d, chequers_serial_rivers_micro_c,
          st_stairs_5
D:12:     layout_small_grid, kennysheep_orc_monster_closet_entryway,
          grunt_dithmenos_shadows
D:13:     layout_stronghold, david_vaults_1, fungi_pond_lemuel,
          chequers_serial_rivers_micro_b, st_stairs_2, doesnt_xom_only_xom
D:14:     layout_loops_corners, special_room [special_room_bee], kb_rosetta,
          uniq_nessos
D:15:     hangedman_depths_entry_try_elsewhere_first, layout_basic,
          lemuel_doored_altar
Temple:   nicolae_temple_great_sept
Lair:1:   dreamdust_labyrinth, layout_gridlike, grunt_megastairs_1,
          infiniplex_staircase_pool_2
Lair:2:   minmay_lair_venomous_thicket, layout_gridlike, swamp_mist
Lair:3:   layout_gridlike, spider_nest_entry_a, gammafunk_ghost_ooze,
          grunt_megastairs_2
Lair:4:   layout_layer_cave, beast_lair_carwin_4
Lair:5:   layout_regular_city, nicolae_slime_entry_slimehenge
Lair:6:   cheibrodos_lair_end_hotspot, layout_cave_pods,
          chequers_serial_rivers_micro_d, st_stairs_3, serial_bayou_shore_b
Orc:1:    layout_caves, portal_ice_cave_rime, special_room [special_room_orc],
          minmay_orc_temple_c

Skill      XL: |  1  2  3  4  5  6  7  8  9 10 11 12 13 14 15 |
---------------+----------------------------------------------+-----
Invocations    | 1 2 3 4 5 6 7 8 9 10 11 | 11.1
Short Blades   | 1 3 4 5 6 7 8 9 10 | 10.2
Long Blades    | 1 3 4 5 6 7 8 9 10 | 10.2
Axes           | 1 3 4 5 6 7 8 9 10 | 10.2
Polearms       | 1 3 4 5 6 7 8 9 10 | 10.2
Staves         | 1 3 4 5 6 7 8 9 10 | 10.2
Slings         | 1 3 4 5 6 8 10 11 12 | 12.6
Bows           | 1 3 4 5 6 7 8 9 10 | 10.2
Crossbows      | 1 3 4 5 6 7 8 9 10 | 10.2
Throwing       | 1 3 4 5 6 7 8 9 10 | 10.2
Armour         | 1 3 4 5 6 7 8 9 10 | 10.2
Shields        | 1 3 4 5 6 7 8 9 10 | 10.2
Unarmed Combat | 1 3 4 5 6 7 8 9 10 | 10.2
Spellcasting   | 1 3 4 5 6 7 8 9 10 | 10.2
Evocations     | 1 3 4 5 6 7 8 9 10 | 10.2
Conjurations   | 1 2 3 4 5 6 7 8 |  8.5
Hexes          | 1 2 3 4 5 6 7 8 |  8.5
Summonings     | 1 2 3 4 5 6 7 8 |  8.5
Necromancy     | 1 2 3 4 5 6 7 8 |  8.5
Translocations | 1 2 3 4 5 6 7 8 |  8.5
Transmutations | 1 2 3 4 5 6 7 8 |  8.5
Fire Magic     | 1 2 3 4 5 6 7 8 |  8.5
Ice Magic      | 1 2 3 4 5 6 7 8 |  8.5
Air Magic      | 1 2 3 4 5 6 7 8 |  8.5
Earth Magic    | 1 2 3 4 5 6 7 8 |  8.5
Poison Magic   | 1 2 3 4 5 6 7 8 |  8.5
Fighting       | 7 8 9 10 11 12 | 12.1
Maces & Flails | 7 8 9 10 11 12 | 12.1
Dodging        | 7 8 9 10 11 12 | 12.1
Stealth        | 5 6 7 8 9 10 11 | 11.0

Action                   |  1- 3 |  4- 6 |  7- 9 | 10-12 | 13-15 || total
-------------------------+-------+-------+-------+-------+-------++-------
Melee: Mace              |    38 |       |       |       |       ||    38
       Bite              |    10 |    12 |    14 |    95 |   238 ||   369
       Dagger            |    78 |    23 |    20 |       |       ||   121
       Spear             |       |   102 |    77 |       |       ||   179
       Long sword        |       |       |   111 |   662 |  1295 ||  2068
       Punch             |       |       |     5 |       |       ||     5
       Falchion          |       |       |       |       |    23 ||    23
Throw: Dart              |       |       |    13 |       |     3 ||    16
       Javelin           |       |       |       |       |     5 ||     5
 Cast: Swiftness         |       |       |       |       |     1 ||     1
Invok: Heroism           |       |       |       |     6 |    12 ||    18
       Finesse           |       |       |       |       |     2 ||     2
Evoke: Wand              |       |     1 |       |     4 |     2 ||     7
  Use: Scroll            |       |     1 |     2 |    11 |    14 ||    28
       Potion            |       |       |       |       |     3 ||     3
 Stab: Sleeping          |     8 |     2 |     6 |    15 |    12 ||    43
       Distracted        |       |       |       |     1 |       ||     1
       Petrified         |       |       |       |       |    12 ||    12
       Petrifying        |       |       |       |       |     1 ||     1
Armor: Robe              |     9 |       |       |       |       ||     9
       Scale mail        |     9 |    27 |       |       |       ||    36
       Ring mail         |       |    13 |    61 |    47 |    21 ||   142
       Swamp dragon scal |       |       |       |   150 |   174 ||   324
       Fire dragon scale |       |       |       |       |    96 ||    96
Dodge: Dodged            |   101 |    78 |    99 |   302 |   658 ||  1238
Block: Buckler           |       |       |     8 |   145 |   339 ||   492

Table legend: (Time is in decaauts)
 A = Elapsed time spent in this place.
 B = Non-inter-level travel time spent in this place.
 C = Inter-level travel time spent in this place.
 D = Time resting spent in this place.
 E = Time spent auto-exploring this place.
 F = Levels seen in this place.
 G = Mean time per level.
                   A        B        C        D        E       F      G
               +--------+--------+--------+--------+--------+-----+--------+
         Total |  20810 |  19408 |   1402 |   1027 |  13910 |  25 |  832.4 |
       Dungeon |  13310 |  12289 |   1021 |    471 |   9251 |  15 |  887.3 |
        Temple |     74 |     63 |     11 |      0 |     46 |   1 |   74.0 |
          Lair |   6223 |   5898 |    325 |    374 |   4130 |   6 | 1037.2 |
  Orcish Mines |    497 |    453 |     44 |     24 |    308 |   1 |  497.0 |
         Abyss |    122 |    122 |      0 |      0 |     12 |   1 |  122.0 |
      Ice Cave |    581 |    581 |      0 |    157 |    163 |   1 |  581.0 |
               +--------+--------+--------+--------+--------+-----+--------+

Top non-repeatable levels by time:
  Lair:6: 1691 daAuts
    D:10: 1316 daAuts
    D:12: 1176 daAuts
    D:13: 1131 daAuts
  Lair:1: 1129 daAuts
     D:5: 1056 daAuts
  Lair:4: 1053 daAuts
     D:1: 1045 daAuts
     D:9: 1031 daAuts
     D:4: 1010 daAuts
     D:8: 996 daAuts
     D:3: 874 daAuts
  Lair:3: 868 daAuts
    D:11: 828 daAuts
  Lair:5: 751 daAuts
